 Dungeon Crawl Stone Soup version 0.24.1-4-ge52af88ad5 (console) character file.

Game seed: 7569042377569110232, levelgen mode: deterministic

4689 Kloppie the Carver (level 10, -1/109 HPs)
             Began as a Halfling Berserker on Apr 16, 2020.
             Was an Elder of Trog.
             Slain by Joseph
             ... wielding a +0 quarterstaff
              (4 damage)
             ... on level 10 of the Dungeon on Apr 17, 2020.
             The game lasted 00:15:57 (10047 turns).

Kloppie the Carver (Halfling Berserker)            Turns: 10047, Time: 00:15:57

Health: -1/109     AC: 15    Str: 29    XL:     10   Next: 72%
Magic:  10/10      EV:  9    Int:  5    God:    Trog [****..]
Gold:   544        SH:  4    Dex: 17    Spells: 9/9 levels left

rFire    . . .     SeeInvis .   a - +0 long sword (holy)
rCold    . . .     Gourm    .   v - +0 buckler
rNeg     . . .     Faith    +   H - +0 plate armour (curse)
rPois    .         Spirit   .   (no helmet)
rElec    .         Reflect  .   (no cloak)
rCorr    .         Harm     .   r - +2 pair of gloves {Str+3}
MR       ++...                  (no boots)
Stlth    ..........             I - amulet of faith
HPRegen  1.28/turn              o - +5 ring of dexterity
MPRegen  0.12/turn              x - -3 ring of dexterity (curse)

@: mighty, berserking (expiring), regenerating, drained, very quick
A: small, mutation resistance 1
a: Berserk, Trog's Hand, Brothers in Arms, Renounce Religion


You were on level 10 of the Dungeon.
You worshipped Trog.
Trog was greatly pleased with you.
You were very hungry.

You visited 1 branch of the dungeon, and saw 10 of its levels.

You collected 719 gold pieces.
You spent 175 gold pieces at shops.

Inventory:

Hand Weapons
 a - a +0 long sword of holy wrath (weapon)
 G - a +0 falchion
Armour
 r - a +2 pair of gloves of strength (worn)
 v - a +0 buckler (worn)
 H - a cursed +0 plate armour (worn)
Jewellery
 l - an uncursed ring of resist corrosion {unknown}
 m - an uncursed ring of flight
 o - a +5 ring of dexterity (left hand)
 x - a cursed -3 ring of dexterity (right hand)
 y - a +2 ring of dexterity
 E - an uncursed ring of fire
 I - an amulet of faith (around neck)
Wands
 d - a wand of iceblast (7)
 p - a wand of scattershot (7)
 D - a wand of paralysis (14)
Scrolls
 f - 4 scrolls of blinking
 h - 3 scrolls of remove curse {unknown}
 i - a scroll of fear {unknown}
 n - 5 scrolls of teleportation
 q - a scroll of enchant weapon {unknown}
 t - 2 scrolls of random uselessness {unknown}
 u - a scroll of magic mapping
 w - a scroll of silence {unknown}
 B - 2 scrolls of immolation {unknown}
 C - 2 scrolls of amnesia {unknown}
Potions
 b - 3 potions of agility
 e - 3 potions of might
 j - 3 potions of haste
 k - 7 potions of curing
 s - 2 potions of heal wounds {unknown}
 z - a potion of ambrosia {unknown}
 A - 2 potions of mutation {unknown}
 F - 2 potions of brilliance {unknown}
Comestibles
 c - 16 rations


   Skills:
 - Level 8.5(7.6) Fighting
 + Level 11.7(10.7) Long Blades
 - Level 4.9(4.1) Armour
 - Level 2.1(1.4) Dodging


You had 9 spell levels left.
You didn't know any spells.
Your spell library was empty.

Dungeon Overview and Level Annotations

Branches:
Dungeon (10/15)            Temple (0/1) D:5             Orc (0/2) D:9
   Lair: D:8-11

Altars:
Ashenzari
Cheibriados
Dithmenos
Fedhas
Hepliaklqana
Kikubaaqudgha
Makhleb
Ru
Wu Jian
Zin

Shops:
D:4 ?

Portals:
Trove: D:10 (show abyssal rune of Zot)

Annotations:
D:10 Joseph


Innate Abilities, Weirdness & Mutations

You are small and have problems with some larger weapons.
You are somewhat resistant to further mutation.


Message History

Joseph is heavily wounded.
Joseph hits you but does no damage.
You hit Joseph.
Joseph is heavily wounded.
You slash Joseph!
Joseph is severely wounded.
Joseph hits you with a +0 quarterstaff.
* * * LOW HITPOINT WARNING * * *
You hit Joseph.
Joseph is severely wounded.
You slash Joseph!
Joseph is almost dead.
Joseph hits you with a +0 quarterstaff!
* * * LOW HITPOINT WARNING * * *
You closely miss Joseph.
Joseph is almost dead.
You hit Joseph.
Joseph is almost dead.
Joseph hits you with a +0 quarterstaff.
You die...

# ####### ..#.....##
.........## ..........#
..........# ..
.......@..# ######...
.......@..######........
.......<.[..............
........................
............$.......?...
......#..[.(............
..........(((...........
.......##...............
##.#### #......)).......
#. ##......))..###.#
###..).(.()#### #.#
#...†#.)...## #.#


You could see Joseph.

Vanquished Creatures
  Harold (D:8)
  Psyche (D:8)
  A troll (D:10)
  A hippogriff (D:8)
  A hungry ghost (D:9)
  Edmund (D:6)
  2 ogres
  6 orc warriors
  An ice beast (D:8)
  4 phantoms
  A centaur (D:6)
  2 big kobolds (D:10)
  5 bullfrogs
  A scorpion (D:4)
  5 howler monkeys
  3 crimson imps
  A quasit (D:8)
  2 jellies
  5 hounds
  5 orc wizards
  5 orc priests
  2 bullfrog skeletons
  2 iguanas
  4 worker ants
  A hound zombie (D:9)
  12 gnolls
  7 adders
  A shadow imp (D:8)
  3 oozes
  An adder zombie (D:8)
  An adder skeleton (D:4)
  2 worms
  A dart slug (D:1)
  4 leopard geckos
  25 orcs
  4 giant cockroaches
  10 goblins
  7 hobgoblins
  A jackal (D:2)
  2 quokkas
  2 ball pythons
  9 bats
  8 frilled lizards
  A jackal skeleton (D:5)
  20 kobolds
  2 leopard gecko zombies
  A quokka skeleton (D:4)
  4 rats
191 creatures vanquished.

Notes
Turn   | Place    | Note
-------+----------+-------------------------------------------
     0 | D:1      | Kloppie the Halfling Berserker began the quest for the Orb.
     0 | D:1      | Reached XP level 1. HP: 15/15 MP: 1/1
    77 | D:1      | Reached XP level 2. HP: 20/20 MP: 2/2
   760 | D:1      | Reached XP level 3. HP: 26/26 MP: 3/3
  1456 | D:2      | Reached ** piety under Trog
  1468 | D:2      | Reached XP level 4. HP: 20/31 MP: 4/4
  1547 | D:2      | Reached skill level 4 in Long Blades
  1666 | D:2      | Found a snail-covered altar of Cheibriados.
  2270 | D:3      | Reached XP level 5. HP: 36/37 MP: 5/5
  2548 | D:3      | Reached XP level 6. HP: 44/44 MP: 6/6
  3058 | D:3      | Reached skill level 5 in Long Blades
  3624 | D:4      | Noticed a phantom
  3691 | D:3      | Killed a phantom
  3691 | D:3      | Reached XP level 7. HP: 25/49 MP: 7/7
  3948 | D:4      | Found a burning altar of Makhleb.
  3948 | D:4      | Noticed a green death
  4008 | D:4      | Reached skill level 6 in Long Blades
  4793 | D:4      | Found Istrua Dunoco's Magic Scroll Boutique.
  4796 | D:4      | Bought a scroll of blinking for 82 gold pieces
  4796 | D:4      | Bought a scroll of teleportation for 33 gold pieces
  4796 | D:4      | Bought a scroll of identify for 22 gold pieces
  4796 | D:4      | Bought a scroll of magic mapping for 38 gold pieces
  4810 | D:5      | Entered Level 5 of the Dungeon
  5036 | D:5      | Reached XP level 8. HP: 54/54 MP: 8/8
  5192 | D:5      | Reached *** piety under Trog
  5217 | D:5      | Found a staircase to the Ecumenical Temple.
  5297 | D:5      | Reached skill level 5 in Fighting
  5336 | D:5      | Reached skill level 7 in Long Blades
  5586 | D:5      | Found a hazy altar of Hepliaklqana.
  5894 | D:6      | Noticed Edmund
  5920 | D:6      | Killed Edmund
  6126 | D:6      | Reached skill level 8 in Long Blades
  6126 | D:6      | Reached XP level 9. HP: 40/62 MP: 9/9
  6587 | D:7      | Found a glowing silver altar of Zin.
  6589 | D:7      | Found a shattered altar of Ashenzari.
  6872 | D:7      | Found a blossoming altar of Fedhas.
  6874 | D:7      | Found a shadowy altar of Dithmenos.
  6918 | D:7      | Found an ancient bone altar of Kikubaaqudgha.
  6918 | D:7      | Found a sacrificial altar of Ru.
  6922 | D:7      | Found an ornate altar of the Wu Jian Council.
  7296 | D:8      | Noticed Psyche
  7315 | D:8      | Killed Psyche
  7315 | D:8      | Reached skill level 9 in Long Blades
  7388 | D:8      | Noticed a hippogriff
  7400 | D:8      | Killed a hippogriff
  7824 | D:8      | Noticed Harold
  7846 | D:8      | Killed Harold
  7846 | D:8      | Reached skill level 10 in Long Blades
  7846 | D:8      | Reached XP level 10. HP: 63/73 MP: 10/10
  8798 | D:9      | Found a staircase to the Orcish Mines.
  9334 | D:9      | Reached skill level 11 in Long Blades
  9731 | D:10     | Entered Level 10 of the Dungeon
  9920 | D:10     | Found a portal to a secret trove of treasure.
  9950 | D:10     | Reached **** piety under Trog
 10023 | D:10     | Noticed Joseph
 10045 | D:10     | HP: 2/109 [Joseph/+0 quarterstaff (9)]
 10047 | D:10     | Slain by Joseph

Levels and vault maps discovered:
D:1:      shiori_arrival_oz, layout_basic, hangedman_abyss_or_decor_lesser_grid,
          serial_park_tiny_pond
D:2:      cheibrodos_helix_gallery, layout_basic, cheibriados_altar_1
D:3:      layout_basic, serial_bayou_pond_e
D:4:      layout_gridville, serial_shops, kennysheep_mini_moat,
          minmay_misc_feat_pillars, makhleb_altar_promises_db
D:5:      layout_basic, lemuel_coloured_pillars_altar,
          minmay_temple_entry_fiery, first_ration
D:6:      layout_basic, uniq_edmund
D:7:      layout_loops_ring, nicolae_overflow_hidden_temple,
          grunt_temple_overflow_open, grunt_ogre_cave
D:8:      layout_loops_cross, hangedman_abyss_or_decor_stagger, uniq_psyche,
          uniq_harold
D:9:      layout_rooms, david_orc_2
D:10:     layout_rooms, enter_trove_6, kennysheep_small_spiral, trog_wizard,
          uniq_joseph

Skill      XL: |  1  2  3  4  5  6  7  8  9 10 |
---------------+-------------------------------+-----
Fighting       | 3 4 6 8 |  8.5
Long Blades    | 4 5 6 8 10 11 | 11.7
Armour         | 3 4 |  4.9
Dodging        | |  2.1

Action                   |  1- 3 |  4- 6 |  7- 9 | 10-12 || total
-------------------------+-------+-------+-------+-------++-------
Melee: Falchion          |    87 |   211 |   459 |     5 ||   762
       Long sword        |       |       |       |   231 ||   231
Invok: Berserk           |     2 |     2 |     6 |     3 ||    13
       Trog's Hand       |       |     2 |     4 |     3 ||     9
  Use: Scroll            |       |       |     8 |     1 ||     9
       Potion            |       |       |       |     1 ||     1
 Stab: Sleeping          |     1 |       |       |       ||     1
  Eat: Chunk             |     4 |     9 |    17 |     3 ||    33
       Ration            |       |       |     1 |     4 ||     5
Armor: Animal skin       |    15 |     2 |       |       ||    17
       Chain mail        |       |   104 |   180 |    12 ||   296
       Plate armour      |       |       |       |    81 ||    81
Dodge: Dodged            |    78 |   146 |   210 |    86 ||   520
Block: Buckler           |       |       |    80 |    46 ||   126
       Rpst.: Falchion   |    16 |    38 |    74 |       ||   128
       Long sword        |       |       |       |    21 ||    21
